 Dungeon Crawl Stone Soup version 0.31-a0-214-gb37851dbb3 (webtiles) character file.

Game seed: 8846323546068775903

91 qw the Chopper (level 4, -4/28 HPs)
             Began as a Gargoyle Fighter on July 1, 2023.
             Slain by a gnoll
             ... wielding a +0 halberd
              (9 damage)
             ... on level 3 of the Dungeon.
             The game lasted 00:00:49 (1768 turns).

qw the Chopper (Gargoyle Fighter)                   Turns: 1768, Time: 00:00:50

Health: -4/28      AC: 14    Str: 21    XL:     4   Next: 57%
Magic:  4/4        EV:  7    Int:  9    God:
Gold:   1079       SH:  4    Dex:  9    Spells: 3/3 levels left

rFire   . . .        Y - +1 war axe
rCold   . . .        c - +0 buckler
rNeg    + . .        g - +0 chain mail
rPois   inf          b - +2 hat
rElec   +            (no cloak)
rCorr   .            (no gloves)
SInv    .            (no boots)
Will    .....        (no amulet) Stlth
                     (no ring)
HPRegen 0.24/turn    (no ring)
MPRegen 0.09/turn

%: no passive effects
@: no status effects
A: sickness immunity, AC +3, negative energy resistance 1, electricity
resistance, torment resistance 1, petrification resistance
a: no special abilities


You were on level 3 of the Dungeon.
You visited 1 branch of the dungeon, and saw 3 of its levels.

You collected 1079 gold pieces.


Innate Abilities, Weirdness & Mutations

You are immune to sickness and miasma.
Your stone body is resilient. (AC +3)
You are immune to poison.
You resist negative energy. (rN+)
You are resistant to electric shocks. (rElec)
You are resistant to unholy torment.
You are immune to petrification.


   Skills:
 - Level 3.2 Fighting
 + Level 4.2 Axes
 - Level 3.2 Armour
 - Level 3.2 Shields


You had 3 spell levels left.
You didn't know any spells.
Your spell library was empty.

Inventory:

Hand Weapons
 k - a +0 whip
 Y - a +1 war axe (weapon)
Armour
 b - a +2 hat (worn)
 c - a +0 buckler (worn)
 g - a +0 chain mail (worn)
Jewellery
 e - a ring of fire
Scrolls
 a - a scroll of brand weapon {unknown}
 h - a scroll of identify
Potions
 d - 2 potions of might
 i - a potion of curing
 l - a potion of mutation {unknown}
 m - a potion of resistance {unknown}

Dungeon Overview and Level Annotations

Branches:
Dungeon (3/15)

Altars:

Shops:
D:1 (


Message History

An orc comes into view. It is wielding a +0 short sword.
The orc shouts!
You slash the gnoll!
You kill the gnoll!
You hear a shout!
A ball python comes into view.
The gnoll hits you but does no damage.
You hear a shout!
The ball python hisses angrily.
You slash the gnoll!
You kill the gnoll!
You hear a shout!
The gnoll hits you with a +0 halberd!
Things that are here:
a +0 club; a +0 spear; a gnoll corpse You hit the gnoll.
The gnoll is lightly wounded.
The gnoll closely misses you.
You hit the gnoll.
The gnoll is heavily wounded.
You block the gnoll's attack. The gnoll barely misses you.
You closely miss the gnoll.
The gnoll is heavily wounded.
An orc comes into view. It is wielding a +0 hand axe.
The gnoll hits you but does no damage.
You closely miss the gnoll.
The gnoll is moderately wounded.
The gnoll closely misses you.
You hit the gnoll but do no damage.
The gnoll is moderately wounded.
The gnoll barely misses you.
A gnoll comes into view. It is wielding a +0 club.
The gnoll hits you with a +0 halberd.
The gnoll moves out of view.
You hit the gnoll but do no damage.
The gnoll is moderately wounded.
The gnoll hits you with a +0 halberd!
You hit the gnoll.
The gnoll is heavily wounded.
The gnoll hits you with a +0 halberd!
You die...

##...# #...##
##...# #...##
##...# #...# .
#...# g>.
####..####.....
#$.....@goS....
........####.....
.###.##.. ... #.
###. . #. # .


You could see 2 gnolls, an orc and a ball python.

Vanquished Creatures
  2 gnolls (D:3)
  2 adders (D:2)
  A worm (D:2)
  A dart slug (D:2)
  5 endoplasms
  A giant cockroach (D:2)
  6 goblins
  5 jackals (D:1)
  3 quokkas (D:2)
  5 ball pythons
  6 bats
  4 frilled lizards
  6 kobolds
  4 rats
51 creatures vanquished.

Notes
Turn   | Place    | Note
-------+----------+-------------------------------------------
     0 | D:1      | qw the Gargoyle Fighter began the quest for the Orb.
     0 | D:1      | Reached XP level 1. HP: 14/14 MP: 1/1
     0 | D:1      | 0 ||| qw: Version: 0.3-a-32-g5962c71
     0 | D:1      | 0 ||| qw: Game counter: 7555
     0 | D:1      | 0 ||| qw: Melee chars always use a shield: true
     0 | D:1      | 0 ||| qw: God list: Okawaru
     0 | D:1      | 0 ||| qw: Allow faded altars: false
     0 | D:1      | 0 ||| qw: Do Orc after clearing Dungeon:15 true
     0 | D:1      | 0 ||| qw: Do second Lair branch before Depths: true
     0 | D:1      | 0 ||| qw: Lair rune preference: random
     0 | D:1      | 0 ||| qw: Goals: Normal, Zot:1-4, Slime:5, God:TSO, Crypt,
                  | Tomb, Abyss, Pan, Hells, Win
     0 | D:1      | 0 ||| PLANNING D:1-11
    42 | D:1      | Reached skill level 2 in Axes
   138 | D:1      | Reached XP level 2. HP: 11/19 MP: 2/2
   545 | D:1      | Reached skill level 3 in Axes
   652 | D:1      | Found Ruri's Weapon Emporium.
   657 | D:1      | 657 ||| SHOPLISTING +3 morningstar of Ancient Evil {heavy,
                  | rPois Dex+3 Stlth+} (510 gold, have 79).
   665 | D:1      | 665 ||| UPGRADING to +0 chain mail.
   675 | D:1      | 675 ||| DROPPING +0 scale mail.
   676 | D:1      | 676 ||| READING scroll labelled GYRCHO ODUNEVVU.
   680 | D:1      | 680 ||| READING 2 scrolls labelled VIACUR HEMAINI.
   681 | D:1      | 681 ||| READING scroll labelled RUZUFU DEETT.
   682 | D:1      | 682 ||| READING 2 scrolls labelled ZICHUN VATYUSOU.
   683 | D:1      | 683 ||| READING scroll labelled UCVOMO ITIH ICA.
   683 | D:1      | Identified a scroll of acquirement
   683 | D:1      | 683 ||| ACQUIRING 964 gold pieces
   683 | D:1      | Acquired 964 gold pieces
   685 | D:1      | 685 ||| DROPPING scroll of immolation.
   725 | D:2      | Reached XP level 3. HP: 23/23 MP: 3/3
   883 | D:2      | 883 ||| Stepping ~*~*~tactically~*~*~ (hiding).
   888 | D:2      | 888 ||| Stepping ~*~*~tactically~*~*~ (hiding).
   924 | D:2      | 924 ||| Stepping ~*~*~tactically~*~*~ (stealth).
   932 | D:2      | 932 ||| Stepping ~*~*~tactically~*~*~ (stealth).
   987 | D:2      | Reached XP level 4. HP: 28/28 MP: 4/4
  1373 | D:2      | 1373 ||| Stepping ~*~*~tactically~*~*~ (hiding).
  1392 | D:2      | 1392 ||| Stepping ~*~*~tactically~*~*~ (stealth).
  1393 | D:2      | 1393 ||| DROPPING +0 club.
  1490 | D:2      | Reached skill level 4 in Axes
  1646 | D:2      | 1646 ||| UPGRADING to +2 hat.
  1651 | D:2      | 1651 ||| READING scroll labelled DEEFARI XUAWNI.
  1652 | D:2      | 1652 ||| READING 2 scrolls of identify.
  1652 | D:2      | 1652 ||| IDENTIFYING emerald potion
  1710 | D:3      | 1710 ||| Stepping ~*~*~tactically~*~*~ (stealth).
  1751 | D:3      | 1751 ||| Stepping ~*~*~tactically~*~*~ (hiding).
  1767 | D:3      | HP: 5/28 [gnoll/+0 halberd (9)]
  1768 | D:3      | Slain by a gnoll

Levels and vault maps discovered:
D:1:      amcnicky_arrival_feature_with_door, layout_basic, serial_shops, shop,
          chequers_serial_rivers_small_a, minmay_split_cup_large
D:2:      layout_basic, lexackson_kobold_supper
D:3:      layout_rooms, kennysheep_slug_shrine, serial_curves, eino_curves_01,
          eino_curves_01, serial_shops, nicolae_shop_window_shopping,
          ebering_ghost_reflecting_pool, minmay_cupped, uniq_robin, uniq_ijyb

Skill      XL: |  1  2  3  4 |
---------------+-------------+-----
Axes           | 2 3 4 |  4.2
Fighting       | |  3.2
Armour         | |  3.2
Shields        | |  3.2

Action                     |  1- 3 |  4- 6 || total
---------------------------+-------+-------++-------
  Melee: War axe           |    96 |    41 ||   137
  Throw: Boomerang         |    19 |     8 ||    27
    Use: Scroll            |     5 |     2 ||     7
 Armour: Scale mail        |    32 |       ||    32
         Chain mail        |    28 |    18 ||    46
  Dodge: Dodged            |    46 |    15 ||    61
  Block: Buckler           |    13 |     8 ||    21

Table legend:
 A = Non-vault XP
 B = Vault XP
 C = Vault XP percentage of total XP
 D = Non-vault monster count
 E = Vault monster count
 F = Vault count percentage of total count
                 A         B        C        D         E       F
            +---------+---------+-------+---------+---------+-------
      Total |     114 |      16 |  12.3 |      39 |      12 |  23.5
            +---------+---------+-------+---------+---------+-------
        D:1 |      24 |       6 |  20.0 |      15 |       4 |  21.1
        D:2 |      59 |      10 |  14.5 |      19 |       8 |  29.6
        D:3 |      31 |       0 |   0.0 |       5 |       0 |   0.0
            +---------+---------+-------+---------+---------+-------
